 Dungeon Crawl Stone Soup version 0.27.0-1-g7a089689b8 (webtiles) character file.

Game seed: 7717928308251431962

303 hatdisgam the Cudgeller (level 6, -1/62 HPs)
             Began as an Ogre Berserker on Aug 6, 2021.
             Was a Believer of Trog.
             Slain by a quokka (2 damage)
             ... summoned by Eustachio
             ... on level 4 of the Dungeon.
             The game lasted 00:04:42 (2943 turns).

hatdisgam the Cudgeller (Ogre Berserker)            Turns: 2943, Time: 00:04:43

Health: -1/62      AC:  3    Str: 24    XL:     6   Next: 38%
Magic:  6/6        EV: 10    Int:  8    God:    Trog [**....]
Gold:   164        SH:  5    Dex:  8    Spells: 5/5 levels left

rFire    . . .     SeeInvis .   S - +0 flail
rCold    . . .     Faith    .   (no shield)
rNeg     . . .     Spirit   .   b - +0 animal skin
rPois    .         Reflect  +   (helmet restricted)
rElec    .         Harm     .   (no cloak)
rCorr    .         Rampage  .   (gloves unavailable)
Will     .....                  (boots unavailable)
Stlth    +.........             h - amulet of reflection
HPRegen  0.20/turn              (no ring)
MPRegen  0.10/turn              (no ring)

@: on berserk cooldown, slowed, very slow
A: large, unfitting armour, tough skin 1
a: Renounce Religion, Berserk, Trog's Hand


You were on level 4 of the Dungeon.
You worshipped Trog.
Trog was pleased with you.
You visited 1 branch of the dungeon, and saw 4 of its levels.

You collected 164 gold pieces.

Inventory:

Hand Weapons
 a - a +0 mace
 S - a +0 flail (weapon)
Missiles
 c - 108 stones (quivered)
Armour
 b - a +0 animal skin (worn)
Jewellery
 h - an amulet of reflection (around neck)
Wands
 f - a wand of polymorph (6)
Scrolls
 e - 3 scrolls of identify {unknown}
 j - 2 scrolls of enchant armour {unknown}
 k - a scroll of teleportation {unknown}
 l - a scroll of blinking {unknown}
Potions
 d - a potion of heal wounds
 g - a potion of curing {unknown}


   Skills:
 - Level 4.0 Fighting
 * Level 5.0 Maces & Flails
 + Level 2.5 Throwing
 + Level 3.9 Dodging


You had 5 spell levels left.
You didn't know any spells.
Your spell library was empty.

Dungeon Overview and Level Annotations

Branches:
Dungeon (4/15)
 Temple: D:4-7

Altars:

Shops:
D:1 *

Annotations:
D:4 Eustachio


Innate Abilities, Weirdness & Mutations

You are too large for most types of armour.
You have tough skin. (AC +1)


Message History

The shadow imp is almost dead.
Eustachio screams, "At last I'll have my revenge!"
Eustachio mumbles some strange words.
Eustachio blinks!
You block the quokka's attack.
You sock the shadow imp!
You kill the shadow imp!
You are no longer berserk.
You are exhausted.
You feel yourself slow down.
The white imp hits you but does no damage.
The white imp hits you. The white imp freezes you.
The quokka twitches its whiskers.
The quokka barely misses you. The white imp closely misses you.
The white imp barely misses you.
You hit the white imp but do no damage. The quokka bites you.
Eustachio casts a spell.
The white imp gestures at you. The puff of frost hits you.
The white imp disappears for a moment.
The white imp barely misses you. The quokka bites you.
The white imp puffs mist at you. The white imp barely misses you.
The white imp gestures at you. The puff of frost hits you.
You closely miss the quokka. You block the quokka's attack.
The quokka closely misses you. You block the white imp's attack. x2
You completely miss the quokka.
The crimson imp disappears in a puff of smoke!
The quokka bites you.
* * * LOW HITPOINT WARNING * * *
The white imp hits you.
* * * LOW HITPOINT WARNING * * *
The white imp freezes you.
* * * LOW HITPOINT WARNING * * *
Eustachio gestures wildly while chanting.
Eustachio blinks!
The white imp gestures at you. The puff of frost hits you!
* * * LOW HITPOINT WARNING * * *
The quokka bites you.
You die...

+......... #.#
#......... #.#
#.......# # #r#
##.....## #. ...
##...### #@ #5#
##'## # #. #ยง# #.#
# #.#5##### #.# #
#..5@r..# ##.## #
......#.###.##
##...### #..#.
#.##^..## #.....# .
.. #.......# ##...##
## ####...## ##.####
#####...######......
.........).....#####
################


You could see 3 white imps and a quokka (summoned).

Vanquished Creatures
  Sigmund (D:2)
  Natasha (D:2)
  An orc wizard (D:4)
  2 adders
  A worm (D:3)
  7 orcs
  3 bats (D:1)
  7 endoplasms
  2 giant cockroaches
  2 goblins
  9 hobgoblins
  3 jackals (D:1)
  4 quokkas
  3 ball pythons
  4 frilled lizards
  6 kobolds
  8 rats
64 creatures vanquished.

Vanquished Creatures (others)
  4 fungi
  4 plants (D:3)
8 creatures vanquished.

Grand Total: 72 creatures vanquished

Notes
Turn   | Place    | Note
-------+----------+-------------------------------------------
     0 | D:1      | hatdisgam the Ogre Berserker began the quest for the Orb.
     0 | D:1      | Reached XP level 1. HP: 24/24 MP: 1/1
   215 | D:1      | Reached skill level 3 in Maces & Flails
   243 | D:1      | Reached XP level 2. HP: 28/32 MP: 2/2
   626 | D:1      | Found Hiuharik's Assorted Antiques.
   660 | D:1      | Reached XP level 3. HP: 28/39 MP: 3/3
   916 | D:1      | Reached ** piety under Trog
  1071 | D:2      | Noticed Sigmund
  1095 | D:2      | Killed Sigmund
  1096 | D:2      | Reached skill level 4 in Maces & Flails
  1096 | D:2      | Reached XP level 4. HP: 48/48 MP: 4/4
  1096 | D:2      | Reached XP level 5. HP: 54/54 MP: 5/5
  1521 | D:2      | Noticed Natasha
  1528 | D:2      | Killed Natasha
  1529 | D:2      | Reached XP level 6. HP: 55/62 MP: 6/6
  2192 | D:3      | Found a faded altar of an unknown god.
  2763 | D:4      | Reached skill level 5 in Maces & Flails
  2917 | D:4      | Noticed Eustachio
  2943 | D:4      | HP: 1/62 [white imp/puff of frost[Eustachio] (11)]
  2943 | D:4      | Slain by a quokka

Illustrated notes

Levels and vault maps discovered:
D:1:      roderic_octagonal_star, layout_basic, serial_shops,
          nicolae_shop_temple_entry_statues_fountains
D:2:      wander_river, layout_basic, st_stairs_13, hex_large, uniq_sigmund,
          uniq_natasha
D:3:      layout_rooms, shapermc_ecumenical_altar_mp_ritualfount
D:4:      layout_loops_corners, mainiacjoe_overflow_paths,
          mainiacjoe_overflow_boulevard, gammafunk_ghost_abyssal_escape,
          minivault_19, uniq_eustachio, uniq_duvessa

Skill      XL: |  1  2  3  4  5  6 |
---------------+-------------------+-----
Maces & Flails | 3 4 5 |  5.0
Dodging        | 3 |  3.9
Throwing       | 2 |  2.5
Fighting       | |  4.0

Action                   |  1- 3 |  4- 6 || total
-------------------------+-------+-------++-------
Melee: Mace              |    11 |       ||    11
       Flail             |    80 |   146 ||   226
       Unarmed           |     6 |       ||     6
Throw: Stone             |     1 |       ||     1
Invok: Berserk           |     1 |     2 ||     3
  Use: Potion            |       |     2 ||     2
Armor: Animal skin       |    33 |    30 ||    63
       Skin              |     4 |       ||     4
Dodge: Dodged            |    48 |    69 ||   117
Block: Other             |       |    34 ||    34
